 Dungeon Crawl Stone Soup version 0.29.0-4-gdea44cf6ec (webtiles) character file.

Game seed: 3076741038262100958

296 qw the Chopper (level 6, 0/35 HPs)
             Began as a Tengu Warper on Aug 28, 2022.
             Slain by a gnoll
             ... wielding a +0 short sword
              (7 damage)
             ... on level 4 of the Dungeon.
             The game lasted 00:00:17 (3562 turns).

qw the Chopper (Tengu Warper)                       Turns: 3562, Time: 00:00:18

Health: 0/35       AC:  7    Str: 12 (13) XL:     6   Next: 34%
Magic:  10/10      EV:  8    Int: 13 (14) God:
Gold:   3          SH:  7    Dex: 11 (13) Spells: 9/9 levels left

rFire   . . .      SeeInvis .   Y - +0 hand axe
rCold   . . .      Faith    .   m - +0 kite shield
rNeg    + . .      Spirit   .   c - +0 scale mail
rPois   .          Reflect  .   (helmet restricted)
rElec   .          Harm     .   (no cloak)
rCorr   +          Rampage  .   l - +0 pair of gloves
Will    .....                   (boots unavailable)
Stlth   ..........              (no amulet)
HPRegen 0.11/turn               e - ring of resist corrosion
MPRegen 0.12/turn               f - ring of positive energy

@: flying quickly and evasively, quick
A: beak, talons 3, nimble flight
a: no special abilities


You were on level 4 of the Dungeon.
You visited 1 branch of the dungeon, and saw 4 of its levels.

You collected 38 gold pieces.
You spent 35 gold pieces at shops.


Innate Abilities, Weirdness & Mutations

You have a beak for a mouth.
You have claws for feet.
Your magical nature lets you fly swiftly and evasively.


   Skills:
 - Level 2.0 Fighting
 - Level 6.4 Axes
 - Level 1.0 Throwing
 - Level 1.1 Armour
 - Level 2.1 Dodging
 + Level 2.4 Shields
 - Level 2.0 Spellcasting
 - Level 2.4 Translocations


You had 9 spell levels left.
You didn't know any spells.
Your spell library contained the following spells:

 Spells                   Type           Power      Damage    Failure   Level
 Blink                    Tloc           14%        N/A       94%         2
 Gell's Gravitas          Tloc           7%         N/A       99%         3
 Lesser Beckoning         Tloc           7%         N/A       99%         3
 Teleport Other           Tloc           7%         N/A       99%         3
 Manifold Assault         Tloc           7%         N/A       100%        5

Inventory:

Hand Weapons
 p - a +0 whip
 Y - a +0 hand axe (weapon)
Armour
 c - a +0 scale mail (worn)
 l - a +0 pair of gloves (worn)
 m - a +0 kite shield (worn)
Jewellery
 e - a ring of resist corrosion (left hand)
 f - a ring of positive energy (right hand)
Scrolls
 d - a scroll of identify
 g - 2 scrolls of enchant weapon {unknown}
 i - a scroll of poison {unknown}
Potions
 a - 2 potions of mutation {unknown}
 h - a potion of might {unknown}
 j - 2 potions of curing {unknown}
 k - a potion of ambrosia {unknown}
 n - a potion of invisibility {unknown}

Dungeon Overview and Level Annotations

Branches:
Dungeon (4/15)
 Temple: D:4-7

Altars:
Qazlal

Shops:
D:2 (


Message History

The gnoll is severely wounded.
A gnoll comes into view. It is wielding a +0 whip.
You block the gnoll's attack.
A gnoll comes into view. It is wielding a +0 flail.
The gnoll barely misses you.
3554 ||| Stepping ~*~*~tactically~*~*~ (stealth).
You barely miss the gnoll. Your kick misses the gnoll.
You peck the gnoll, but do no damage.
The gnoll is severely wounded.
The gnoll barely misses you.
A gnoll comes into view. It is wielding a +0 short sword.
The gnoll hits you with a +0 flail!
You closely miss the gnoll.
The gnoll shouts!
You claw the gnoll.
The gnoll is almost dead.
The gnoll barely misses you.
You barely miss the gnoll.
The gnoll is almost dead.
You completely miss the gnoll. The gnoll barely misses you.
You hit the gnoll.
You kill the gnoll!
You hit the gnoll. The gnoll hits you with a +0 whip.
You hit the gnoll but do no damage. You claw the gnoll.
Your peck misses the gnoll.
The gnoll is almost dead.
You closely miss the gnoll. The gnoll hits you but does no damage.
You block the gnoll's attack.
You hit the gnoll.
You kill the gnoll!
You hit the gnoll but do no damage. You hit the gnoll.
The gnoll hits you with a +0 flail. The gnoll closely misses you.
You barely miss the gnoll. You peck the gnoll, but do no damage.
The gnoll is heavily wounded.
You hit the gnoll. You block the gnoll's attack.
The gnoll hits you with a +0 short sword!
You die...

##### #...# 7+7777#...#
######## .....+....####
#......# ...~.7#.......
##......# ._.~.7#....#
#@).....+ ...~.7#....#
.##gg.....# .....'...).#
.##.......# 7'7777#.##.#
.##..)....#
..#...#....##..........#
......#..##g....#.>....#
..#.#.#..##..g..#......#
..#.#....##.....#......#
#.#.###.###.....#......#


You could see 2 gnolls.

Vanquished Creatures
  Sigmund (D:2)
  An iguana (D:4)
  2 gnolls (D:4)
  2 adders
  3 worms
  3 dart slugs
  2 orcs (D:3)
  3 bats
  7 endoplasms
  A giant cockroach (D:3)
  5 goblins
  6 hobgoblins
  6 jackals
  4 kobolds
  3 quokkas
  4 ball pythons
  2 frilled lizards (D:2)
  2 rats (D:1)
57 creatures vanquished.

Notes
Turn   | Place    | Note
-------+----------+-------------------------------------------
     0 | D:1      | qw the Tengu Warper began the quest for the Orb.
     0 | D:1      | Reached XP level 1. HP: 12/12 MP: 4/4
     0 | D:1      | 0 ||| qw: Version: 0.1-a-89-g26bdef1
     0 | D:1      | 0 ||| qw: Game counter: 982
     0 | D:1      | 0 ||| qw: Always use a shield: true
     0 | D:1      | 0 ||| qw: God list: Okawaru
     0 | D:1      | 0 ||| qw: Allow faded altars: false
     0 | D:1      | 0 ||| qw: Do Orc after D:15 true
     0 | D:1      | 0 ||| qw: Do second Lair branch before Depths: true
     0 | D:1      | 0 ||| qw: Lair rune preference: random
     0 | D:1      | 0 ||| qw: Plans: Normal
     0 | D:1      | 0 ||| PLANNING D:1-11
    68 | D:1      | HP: 1/12 [quokka (3)]
   157 | D:1      | 157 ||| Stepping ~*~*~tactically~*~*~ (stealth).
   158 | D:1      | 158 ||| Stepping ~*~*~tactically~*~*~ (stealth).
   384 | D:1      | HP: 2/12 [dart slug/slug dart (6)]
   388 | D:1      | Reached skill level 3 in Axes
   388 | D:1      | Reached XP level 2. HP: 3/17 MP: 6/6
   696 | D:1      | 696 ||| Stepping ~*~*~tactically~*~*~ (stealth).
   798 | D:1      | Found a faded altar of an unknown god.
  1012 | D:1      | Found Lytz's General Store.
  1126 | D:1      | 1126 ||| UPGRADING to +0 ring mail.
  1136 | D:1      | 1136 ||| DROPPING +0 leather armour.
  1137 | D:1      | 1137 ||| UPGRADING to +0 pair of gloves.
  1142 | D:1      | 1142 ||| UPGRADING to ring of resist corrosion.
  1143 | D:1      | 1143 ||| UPGRADING to ring of positive energy.
  1144 | D:1      | 1144 ||| READING scroll labelled BEMMIS PEJ.
  1245 | D:1      | 1245 ||| READING scroll labelled GIAQEFO HOSHEL.
  1246 | D:1      | 1246 ||| DROPPING scroll of blinking.
  1393 | D:2      | Reached XP level 3. HP: 16/21 MP: 7/7
  1466 | D:2      | 1466 ||| Stepping ~*~*~tactically~*~*~ (stealth).
  1471 | D:2      | Reached skill level 4 in Axes
  1808 | D:2      | Noticed Sigmund
  1817 | D:2      | HP: 5/21 [Sigmund/magic dart (8)]
  1822 | D:2      | Killed Sigmund
  1823 | D:2      | Reached skill level 6 in Axes
  1823 | D:2      | Reached XP level 4. HP: 6/26 MP: 8/8
  1823 | D:2      | Gained mutation: Your magical nature lets you fly swiftly
                  | and evasively. [Tengu growth]
  1823 | D:2      | Reached XP level 5. HP: 7/30 MP: 9/9
  2149 | D:2      | Found Qeolav's Weapon Boutique.
  2190 | D:2      | 2190 ||| SHOPLISTING +0 flail (49 gold, have 38).
  2190 | D:2      | 2190 ||| BUYING +0 whip (35 gold).
  2190 | D:2      | Bought a +0 whip for 35 gold pieces
  2190 | D:2      | 2190 ||| DROPPING +0 club.
  2517 | D:2      | 2517 ||| UPGRADING to +0 scale mail.
  2527 | D:2      | 2527 ||| DROPPING +0 ring mail.
  2528 | D:2      | 2528 ||| UPGRADING to +0 kite shield.
  2533 | D:2      | 2533 ||| READING 2 scrolls labelled IRUBEO NYOZIPE.
  2538 | D:2      | 2538 ||| READING scroll labelled YNACIN TUCI.
  2539 | D:2      | 2539 ||| READING scroll labelled ONECLO ZETESSIM.
  2540 | D:2      | 2540 ||| DRINKING 2 bubbling blue potions.
  2541 | D:2      | 2541 ||| DRINKING 2 puce potions.
  2542 | D:2      | 2542 ||| DROPPING potion of degeneration.
  2543 | D:2      | 2543 ||| DROPPING potion of attraction.
  2756 | D:3      | Reached XP level 6. HP: 29/35 MP: 10/10
  2769 | D:3      | 2769 ||| FLEEEEING.
  2771 | D:3      | 2771 ||| FLEEEEING.
  2787 | D:3      | Reached skill level 1 in Shields
  2838 | D:3      | 2838 ||| Stepping ~*~*~tactically~*~*~ (stealth).
  2933 | D:3      | 2933 ||| Stepping ~*~*~tactically~*~*~ (stealth).
  3286 | D:3      | You are sucked into a shaft and drop 1 floor!
  3319 | D:4      | Found a stormy altar of Qazlal.
  3343 | D:4      | 3343 ||| Stepping ~*~*~tactically~*~*~ (stealth).
  3352 | D:4      | HP: 3/35 [iguana (11)]
  3353 | D:4      | 3353 ||| READING scroll of teleportation.
  3544 | D:4      | 3544 ||| Stepping ~*~*~tactically~*~*~ (stealth).
  3554 | D:4      | 3554 ||| Stepping ~*~*~tactically~*~*~ (stealth).
  3561 | D:4      | HP: 6/35 [gnoll/+0 flail (3)]
  3562 | D:4      | Slain by a gnoll

Levels and vault maps discovered:
D:1:      giann_forest_graveyard, layout_rooms, serial_shops, shop,
          shapermc_ecumenical_altar_ellora
D:2:      layout_basic, serial_shops, nicolae_square_shop, uniq_sigmund
D:3:      layout_loops_ring, minmay_unequal
D:4:      layout_basic, mainiacjoe_overflow_six_doors_small, serial_glass,
          glass_columns_c, glass_columns_c, glass_columns_a

Skill      XL: |  1  2  3  4  5  6 |
---------------+-------------------+-----
Axes           | 3 6 |  6.4
Shields        | 2 |  2.4
Fighting       | |  2.0
Throwing       | |  1.0
Armour         | |  1.1
Dodging        | |  2.1
Spellcasting   | |  2.0
Translocations | |  2.4

Action                   |  1- 3 |  4- 6 || total
-------------------------+-------+-------++-------
Melee: Hand axe          |    73 |   101 ||   174
       Kick              |    16 |    28 ||    44
       Peck              |    13 |    17 ||    30
       Punch             |     1 |       ||     1
Throw: Boomerang         |     7 |       ||     7
  Use: Scroll            |     2 |     4 ||     6
       Potion            |       |     2 ||     2
Armor: Ring mail         |    16 |     1 ||    17
       Leather armour    |     4 |       ||     4
       Scale mail        |       |    36 ||    36
Dodge: Dodged            |    37 |    28 ||    65
Block: Kite shield       |       |    31 ||    31

Table legend:
 A = Non-vault XP
 B = Vault XP
 C = Vault XP percentage of total XP
 D = Non-vault monster count
 E = Vault monster count
 F = Vault count percentage of total count
                 A         B        C        D         E       F
            +---------+---------+-------+---------+---------+-------
      Total |     198 |     225 |  53.2 |      55 |       2 |   3.5
            +---------+---------+-------+---------+---------+-------
        D:1 |      26 |       0 |   0.0 |      13 |       0 |   0.0
        D:2 |      47 |     223 |  82.6 |      17 |       1 |   5.6
        D:3 |      55 |       2 |   3.5 |      18 |       1 |   5.3
        D:4 |      70 |       0 |   0.0 |       7 |       0 |   0.0
            +---------+---------+-------+---------+---------+-------
